 Dungeon Crawl Stone Soup version 0.26-a0-830-g2a559e7be2 (webtiles) character file.

Game seed: 4313004656621432950

440145 Ge0ff the Severer (level 25, -1/202 HPs)
             Began as a Human Fighter on Nov 15, 2020.
             Was the Champion of the Shining One.
             Splashed by a caustic shrike's acid (3 damage)
             ... on level 1 of the Depths.
             The game lasted 02:22:55 (70298 turns).

Ge0ff the Severer (Human Fighter)                  Turns: 70298, Time: 02:22:55

Health: -1/202     AC: 17    Str: 27    XL:     25   Next: 27%
Magic:  0/33       EV: 15    Int: 10    God:    the Shining One [******]
Gold:   3958       SH: 26    Dex: 17    Spells: 24/24 levels left

rFire    + . .     SeeInvis .   b - +9 broad axe (holy)
rCold    + + .     Faith    .   D - +0 kite shield of Generosity {Str+4}
rNeg     + + +     Spirit   +   w - +4 plate armour {rC+}
rPois    +         Reflect  .   Q - +0 helmet
rElec    .         Harm     .   O - +2 cloak {rPois}
rCorr    +         Rampage  .   I - +2 pair of gloves
MR       ++...                  T - +2 pair of boots {run}
Stlth    ..........             r - amulet of guardian spirit
HPRegen  0.43/turn              Y - ring of protection from magic
MPRegen  0.23/turn              G - ring of Daxeluor {+Fly rPois rF+ rC+ rCorr, =R}

@: divine shield, corroded, hasted, glowing, very quick
A: no striking features
}: 2/15 runes: barnacled, gossamer
a: Divine Shield, Cleansing Flame, Summon Divine Warrior, Renounce Religion,
Evoke Flight


You were on level 1 of the Depths.
You worshipped the Shining One.
The Shining One was exalted by your worship.
You visited 9 branches of the dungeon, and saw 40 of its levels.
You visited the Abyss 1 time.
You also visited: Volcano.

You collected 4799 gold pieces.
You spent 841 gold pieces at shops.

Inventory:

Hand Weapons
 a - the +7 broad axe "Orb Guardian's Curse" {freeze, +Rage rElec rC++ Dex+3}
   (You found it on level 2 of the Lair of Beasts)

   It has been specially enchanted to freeze those struck by it, causing extra
   injury to most foes and up to half again as much damage against particularly
   susceptible opponents.
   It can also slow down cold-blooded creatures.
   It affects your dexterity (+3).
   It greatly protects you from cold.
   It insulates you from electricity.
   It lets you go berserk.
 b - a +9 broad axe of holy wrath (weapon)
 c - a +1 spear of distortion
Missiles
 g - 14 throwing nets {=f}
 v - a curare-tipped dart {=f}
 y - 42 javelins
 B - 19 atropa-tipped darts
 F - 53 boomerangs (quivered)
Armour
 w - a +4 plate armour of cold resistance (worn)
 D - the +0 kite shield of Generosity (worn) {Str+4}
   (You took it off Donald on level 3 of the Spider Nest)

   It affects your strength (+4).
 I - a +2 pair of gloves (worn)
 O - a +2 cloak of poison resistance (worn)
 Q - a +0 helmet (worn)
 S - the +1 fire dragon scales of Minor Irritation {rF++ rC- rN+ Regen+ Str+4 Dex+4}
   (You found it on level 1 of the Depths)

   It affects your strength (+4).
   It affects your dexterity (+4).
   It greatly protects you from fire.
   It makes you vulnerable to cold.
   It protects you from negative energy.
   It increases your rate of regeneration.
 T - a +2 pair of boots of running (worn)
Jewellery
 r - an amulet of guardian spirit (around neck)
 x - the ring "Nouptias" {+Blink rF+ Stlth-}
   (You took it off a naga warrior on level 13 of the Dungeon)

   [ring of attention]

   It protects you from fire.
   It lets you blink.
   It makes you less stealthy.
 G - the ring of Daxeluor (right hand) {+Fly rPois rF+ rC+ rCorr, =R}
   (You acquired it on level 6 of the Lair of Beasts)

   [ring of resist corrosion]

   It protects you from fire.
   It protects you from cold.
   It protects you from poison.
   It lets you fly.
   It provides partial protection from all sources of acid and corrosion.
 L - the amulet of Fiune {+Fly rC+ Regen+ Str-3 Slay+3}
   (You took it off a merfolk on level 4 of the Shoals)

   [amulet of regeneration]

   It affects your strength (-3).
   It affects your accuracy and damage with ranged weapons and melee attacks
   (+3).
   It protects you from cold.
   It lets you fly.
   It increases your rate of regeneration.
 Y - a ring of protection from magic (left hand)
Wands
 d - a wand of digging (7)
 e - a wand of enslavement (18)
 j - a wand of acid (12)
 p - a wand of paralysis (31)
 s - a wand of disintegration (58)
 P - a wand of polymorph (5)
Scrolls
 i - 9 scrolls of identify
 m - 3 scrolls of magic mapping
 u - 2 scrolls of holy word
 C - 10 scrolls of remove curse
 E - a scroll of acquirement
 J - 2 scrolls of silence {!r}
 V - a scroll of vulnerability
Potions
 o - 8 potions of ambrosia
 q - 22 potions of curing
 z - 2 potions of brilliance
 H - 4 potions of haste {!q}
 K - 3 potions of magic {!q}
 M - 12 potions of might
 N - 4 potions of cancellation {!q}
 R - 2 potions of resistance
 X - 4 potions of flight
 Z - 2 potions of berserk rage {!q}
Miscellaneous
 l - a lightning rod (4/4)
 n - a phial of floods
 t - a tin of tremorstones (1/2)
 U - a phantom mirror


   Skills:
 * Level 17.4 Fighting
 - Level 18.5(20.0) Axes
   Level 14.0(17.8) Maces & Flails
 * Level 11.4 Throwing
 + Level 14.8 Armour
 + Level 12.1 Dodging
 - Level 15.0 Shields
 + Level 13.3 Invocations
 + Level 12.1 Evocations


You had 24 spell levels left.
You didn't know any spells.
Your spell library contained the following spells:

 Spells                   Type           Power        Failure   Level
 Animate Skeleton         Necr           #.....       94%         1
 Apportation              Tloc           #.....       94%         1
 Beastly Appendage        Tmut           #.....       94%         1
 Corona                   Hex            #......      94%         1
 Foxfire                  Conj/Fire      #...         94%         1
 Summon Small Mammal      Summ           #...         94%         1
 Call Imp                 Summ           #.......     98%         2
 Ensorcelled Hibernation  Hex/Ice        #.....       98%         2
 Sublimation of Blood     Necr           #.........   98%         2
 Call Canine Familiar     Summ           #.......     100%        3
 Conjure Flame            Conj/Fire      #.......     100%        3
 Ignite Poison            Fire/Tmut/Pois #.......     100%        3
 Inner Flame              Hex/Fire       #.......     100%        3
 Summon Guardian Golem    Hex/Summ       #.......     100%        3
 Tukima's Dance           Hex            #.......     100%        3
 Animate Dead             Necr           #.........   100%        4
 Cause Fear               Hex            #.........   100%        4
 Fulminant Prism          Conj/Hex       #.........   100%        4
 Petrify                  Tmut/Erth      #.......     100%        4
 Sticky Flame             Conj/Fire      #.......     100%        4
 Summon Ice Beast         Ice/Summ       #.......     100%        4
 Summon Lightning Spire   Summ/Air       #.......     100%        4
 Agony                    Necr           #.......     100%        5
 Alistair's Intoxication  Tmut/Pois      #........    100%        5
 Borgnjor's Vile Clutch   Necr/Erth      #.........   100%        5
 Excruciating Wounds      Necr           #.........   100%        5
 Fireball                 Conj/Fire      #.........   100%        5
 Irradiate                Conj/Tmut      #.........   100%        5
 Silence                  Hex/Air        #.........   100%        5
 Yara's Violent Unravell  Hex/Tmut       #.........   100%        5
 Eringya's Noxious Bog    Tmut/Pois      #.........   100%        6
 Shadow Creatures         Summ           N/A          100%        6
 Haunt                    Necr/Summ      #.........   100%        7
 Borgnjor's Revivificati  Necr           #.........   100%        8
 Discord                  Hex            #.........   100%        8
 Infestation              Necr           #.........   100%        8
 Necromutation            Tmut/Necr      #.........   100%        8
 Death's Door             Necr           #.........   100%        9


Dungeon Overview and Level Annotations

Branches:
Dungeon (15/15)            Temple (1/1) D:4            Lair (6/6) D:8
 Shoals (4/4) Lair:4       Spider (4/4) Lair:4        Slime (0/5) Lair:5
    Orc (0/2) D:12         Vaults (5/5) D:14          Crypt (3/3) Vaults:2
   Tomb (0/3) Crypt:3      Depths (1/5) D:15           Hell (visited)
    Dis (0/7) Hell            Geh (0/7) Hell            Coc (0/7) Hell
    Tar (0/7) Hell        Volcano (visited)

Altars:
Ashenzari
Cheibriados
Dithmenos
Elyvilon
Fedhas
Gozag
Hepliaklqana
Kikubaaqudgha
Makhleb
Nemelex Xobeh
Okawaru
Qazlal
Ru
Sif Muna
Trog
Uskayaw
Vehumet
Wu Jian
Xom
Yredelemnul
Zin
The Shining One
Jiyva

Shops:
D:5 *   D:10 [*   D:12 }   Shoals:3 *!*?[   Vaults:2 [   Vaults:3 (
Vaults:4 !

Portals:
Hell: Depths:1

Annotations:
D:12 exclusion: downstairs
Lair:1 stash
Depths:1 Loygofec's ghost, veteran TrEE


Message History

The caustic shrike claws you!!
* * * LOW HITPOINT WARNING * * *
You are splashed with acid.
You resist.
* * * LOW HITPOINT WARNING * * *
You block the caustic shrike's attack.
Really quaff
W - a potion of heal wounds {!q}?
You feel much better.
The caustic shrike completely misses you.
You block the caustic shrike's attack. x3
Really quaff
K - 4 potions of magic {!q}?
Magic courses through your body. The caustic shrike claws you!!
* * * LOW HITPOINT WARNING * * *
The acid corrodes you!
You are splashed with acid.
You resist.
* * * LOW HITPOINT WARNING * * *
The caustic shrike claws you!
* * * LOW HITPOINT WARNING * * *
The acid corrodes you!
You are splashed with acid.
You resist.
You die...

......................###
......................#
......................#
............#.........#
.........=..##........###
............##..........#
.................##..####
......#).....)..bb....#####
......##...).###@####.....#
.....###....##©###..#####.##
...........##...yu.#....#..#
......[.†..#....#.D.#...##.#
.#....)†††.#..##y.#y.....#.#
...".......#..D#.W©..##..#.#
....#.....##.#...uD#.....#.#
...##.....#....###D.u##.##.#
..##......##..#$(!!?[$..#..#


You could see 2 caustic shrikes.

Vanquished Creatures
  An ancient lich (Crypt:1)
  Sojobo (Crypt:2)
  Bai Suzhen (Spider:3)
  Geryon (Hell)
  Nikola (Shoals:1)
  Jory (Crypt:3)
  Arachne (Spider:4)
  4 liches
  5 ancient champions
  Kirke (Lair:5)
  Donald (Spider:3)
  2 tengu reavers (Crypt:2)
  Ilsuiw (Shoals:1)
  A fire giant (Vaults:4)
  A revenant (Crypt:1)
  2 frost giants
  9 vault wardens
  A balrug (Hell)
  2 deep elf sorcerers
  4 ghost moths
  4 emperor scorpions
  2 curse skulls (Crypt:1)
  Aizul (Spider:4)
  2 ghouls (Crypt:1)
  2 reapers (Hell)
  14 ironheart preservers
  Louise (Spider:1)
  4 entropy weavers
  8 stone giants
  2 very ugly things (Vaults:2)
  2 war gargoyles (Hell)
  15 vampire knights
  A deep elf demonologist (Vaults:1)
  Nessos (Lair:4)
  A spark wasp (Spider:2)
  3 deep elf annihilators
  A green death (Hell)
  6 eidola
  3 blizzard demons
  2 merfolk javelineers (Shoals:4)
  An ettin (Vaults:3)
  The ghost of Ofeaj the Reanimator, a journeyman GnNe of Cheibriados (Lair:3)
  13 jiangshi
  2 deep elf death magi
  The ghost of Firef the Unseen, a journeyman SpEn of Dithmenos (D:13)
  5 fire dragons
  Josephine (Spider:1)
  7 merfolk impalers
  32 vault guards
  3 yaktaur captains
  7 rakshasas
  2 ice dragons
  4 great orbs of eyes
  2 naga warriors (D:13)
  A spriggan air mage (D:15)
  2 alligator snapping turtles (Shoals:2)
  11 hydras
  An anaconda (Shoals:3)
  10 boulder beetles
  8 merfolk aquamancers
  4 catoblepae
  8 merfolk avatars
  A death knight (Crypt:1)
  7 centaur warriors
  32 two-headed ogres
  9 ogre magi
  7 death yaks (Lair:6)
  2 tengu warriors
  3 satyrs
  8 vampire magi
  3 hell hogs (Hell)
  A deep troll earth mage (Depths:1)
  A hell knight (Volcano)
  An orc high priest (D:10)
  2 spriggans (Depths:1)
  A spriggan berserker (D:15)
  2 iron golems (Hell)
  Sonja (Lair:6)
  3 titan zombies
  4 sun demons
  2 small abominations
  47 skeletal warriors
  5 deep elf knights
  20 sea snakes
  A titan skeleton (Crypt:3)
  A storm dragon zombie (Crypt:3)
  6 soul eaters
  Nergalle (Lair:4)
  2 glowing orange brains
  4 shadow wraiths
  A goliath frog zombie (Crypt:1)
  10 deep trolls
  5 wizards
  2 flayed ghosts
  14 unseen horrors
  2 shadow dragon zombies (Crypt:3)
  4 deep elf archers
  An obsidian statue (Depths:1)
  9 ironbrand convokers
  40 harpies
  2 necromancers
  3 orc sorcerers
  28 phantasmal warriors
  A stone giant zombie (Vaults:3)
  A fire giant zombie (Hell)
  17 orb spiders
  Pikel (D:8)
  12 orc knights
  An iron dragon zombie (Hell)
  An eleionoma zombie (Crypt:1)
  2 sphinx zombies
  33 wolf spiders
  10 deep elf magi
  7 cyclopes
  2 oklob plants (Lair:2)
  8 fauns
  14 manticores
  A shining eye (shapeshifter) (D:15)
  63 ugly things
  5 merfolk sirens (Shoals:4)
  2 frost giant zombies (Hell)
  The ghost of magipi the Frost Mage, a novice DrIE of Vehumet (D:6)
  3 moths of wrath
  3 elephants (Lair:6)
  A sphinx skeleton (Crypt:3)
  A shock serpent zombie (Crypt:3)
  8 water nymphs
  Maurice (D:8)
  A dire elephant zombie (Crypt:2)
  2 molten gargoyles
  6 black mambas
  2 ice statues (Hell)
  13 vault sentinels
  A guardian serpent (shapeshifter) (Depths:1)
  2 centaur zombies
  8 rust devils (Hell)
  A stone giant skeleton (Vaults:3)
  Joseph (D:8)
  12 cane toads
  2 torpor snails
  2 orange demons (Depths:1)
  5 gargoyles
  A spriggan skeleton (Depths:1)
  10 komodo dragons
  4 kobold demonologists (D:10)
  A purple draconian zombie (Crypt:1)
  7 freezing wraiths
  A rime drake (Lair:6)
  A komodo dragon (shapeshifter) (Depths:1)
  7 demonic crawlers
  An alligator snapping turtle skeleton (Crypt:3)
  A harpy zombie (Crypt:3)
  35 yaktaurs
  A death yak zombie (Crypt:2)
  A swamp worm zombie (Crypt:3)
  A grey draconian zombie (Crypt:3)
  3 ice devils
  2 yaktaur zombies
  A pale draconian skeleton (Crypt:2)
  5 red devils
  A black draconian skeleton (Crypt:2)
  36 merfolk
  A green draconian skeleton (Crypt:1)
  10 trolls
  3 hydra zombies (Hell)
  A hornet (shapeshifter) (D:15)
  A meliai (shapeshifter) (Vaults:4)
  6 wind drakes
  A hydra skeleton (Hell)
  6 polar bears
  28 jumping spiders
  19 hornets
  6 dream sheep
  6 snapping turtles
  3 spriggan zombies (Hell)
  11 blink frogs
  A dream sheep (shapeshifter) (Depths:1)
  2 fire dragon zombies (Hell)
  18 slime creatures
  An ice dragon zombie (Crypt:3)
  A jumping spider zombie (Crypt:1)
  4 ettin zombies
  2 alligator zombies
  A meliai zombie (Crypt:3)
  A raiju (shapeshifter) (Vaults:2)
  2 tarantellas (shapeshifter)
  9 flying skulls (Crypt:1)
  2 shadows (D:15)
  19 wraiths
  51 yaks
  13 water elementals
  23 tarantellas
  4 vampires
  4 wyverns
  67 redbacks
  A golden eye (shapeshifter) (Vaults:1)
  4 basilisks
  7 fire elementals (Hell)
  8 vampire mosquitoes (D:12)
  6 fire bats
  4 hogs (Lair:6)
  A steam dragon (D:12)
  7 wargs
  A tengu zombie (Hell)
  2 soldier ants
  A naga (shapeshifter) (Depths:1)
  3 cane toad zombies
  An acid dragon (D:14)
  An infernal demonspawn zombie (Crypt:2)
  13 water moccasins
  A two-headed ogre skeleton (Crypt:2)
  5 hell hounds
  A water moccasin (shapeshifter) (Vaults:1)
  4 ice beasts
  A cane toad skeleton (Hell)
  2 sky beasts
  A phantom (D:11)
  31 orc warriors
  A snapping turtle zombie (Crypt:3)
  A manticore zombie (Crypt:1)
  7 boggarts (Vaults:3)
  A black bear (Lair:3)
  An eye of draining (D:12)
  26 ogres
  A manticore skeleton (Crypt:1)
  A necrophage (D:8)
  32 centaurs
  3 lemures (D:8)
  2 big kobolds
  A gnoll sergeant (D:10)
  12 bullfrogs
  A wyvern zombie (D:10)
  An elf skeleton (Crypt:2)
  4 scorpions
  11 killer bees
  22 wights
  A yak skeleton (Crypt:2)
  An electric eel (Lair:4)
  2 howler monkeys
  8 crimson imps (Depths:1)
  4 bullfrog zombies
  9 lava snakes
  4 quasits
  2 gnoll shamans (D:6)
  7 hounds
  11 jellies
  17 orc priests
  17 orc wizards
  4 bullfrog skeletons
  6 centaur skeletons
  3 iron imps (Depths:1)
  Crazy Yiuf (D:4)
  3 iguanas
  Natasha (thrice) (D:3)
  5 hell rats (Hell)
  5 worker ants
  An ogre skeleton (Crypt:2)
  A big kobold skeleton (Crypt:3)
  2 human simulacra
  A hound skeleton (D:5)
  2 howler monkey zombies
  11 adders
  9 gnolls
  A howler monkey skeleton (D:6)
  4 shadow imps
  A swamp drake skeleton (Crypt:3)
  6 white imps
  4 ufetubi
  18 oozes
  An adder zombie (D:6)
  2 worms
  A barachi zombie (Crypt:1)
  2 dart slugs
  4 leopard geckos
  68 orcs
  7 bats
  7 giant cockroaches
  11 goblins
  4 hobgoblins
  6 quokkas
  A ball python (D:5)
  A dart slug zombie (Crypt:3)
  A frilled lizard (D:2)
  A hobgoblin zombie (Crypt:1)
  3 jackal zombies
  18 kobolds
  A leopard gecko skeleton (D:5)
  A leopard gecko zombie (D:5)
  3 rats
  5 crawling corpses
  3 fire vortices (D:12)
  A plant (Lair:3)
1804 creatures vanquished.

Vanquished Creatures (others)
  A harpy (Shoals:1)
  2 wolf spiders (Spider:4)
  A faun (Shoals:1)
  A hornet (D:11)
  A tarantella (Lair:4)
  A water moccasin zombie (D:11)
  An orc wizard (D:13)
  A bullfrog skeleton (D:11)
  A human simulacrum (D:11)
  An orc (D:11)
  A bush (Lair:6)
  71 fungi
  98 plants
  29 withered plants (Crypt:1)
210 creatures vanquished.

Grand Total: 2014 creatures vanquished

Notes
Turn   | Place    | Note
-------+----------+-------------------------------------------
     0 | D:1      | Ge0ff the Human Fighter began the quest for the Orb.
     0 | D:1      | Reached XP level 1. HP: 18/18 MP: 1/1
   320 | D:1      | Reached XP level 2. HP: 24/24 MP: 2/2
   951 | D:2      | Reached XP level 3. HP: 27/29 MP: 3/3
  1321 | D:2      | Reached XP level 4. HP: 34/35 MP: 4/4
  1622 | D:2      | Reached XP level 5. HP: 41/41 MP: 5/5
  2157 | D:2      | Found a hazy altar of Hepliaklqana.
  2161 | D:2      | Found a radiant altar of Vehumet.
  2166 | D:2      | Found a sparkling altar of Nemelex Xobeh.
  2230 | D:3      | Reached skill level 5 in Maces & Flails
  2581 | D:3      | Found a shadowy altar of Dithmenos.
  2668 | D:3      | Noticed Natasha
  2678 | D:3      | Killed Natasha
  2852 | D:3      | Noticed Natasha
  2862 | D:3      | Killed Natasha
  2863 | D:3      | Reached XP level 6. HP: 43/47 MP: 4/6
  3681 | D:3      | Found a shadowy altar of Dithmenos.
  3683 | D:3      | Noticed Natasha
  3695 | D:3      | Killed Natasha
  3855 | D:4      | Noticed an ogre
  3869 | D:4      | Killed an ogre
  4094 | D:4      | Found a staircase to the Ecumenical Temple.
  4100 | Temple   | Entered the Ecumenical Temple
  4108 | Temple   | Became a worshipper of Elyvilon the Healer
  4191 | D:4      | Reached XP level 7. HP: 49/52 MP: 5/7
  4564 | D:4      | Elyvilon protects you from harm!
  5016 | D:4      | Found a runed translucent door.
  5017 | D:4      | Noticed Crazy Yiuf
  5023 | D:4      | Killed Crazy Yiuf
  5055 | D:5      | Entered Level 5 of the Dungeon
  5143 | D:5      | Reached XP level 8. HP: 58/58 MP: 8/8
  5622 | D:5      | Reached * piety under Elyvilon
  5996 | D:5      | Found Anulleoro's General Store.
  5999 | D:5      | Bought a potion of degeneration for 11 gold pieces
  6042 | D:5      | Got a pitted trident
  6318 | D:6      | Reached skill level 10 in Maces & Flails
  6552 | D:6      | Found an iron altar of Okawaru.
  6558 | D:6      | Got an ichor-stained mace
  6591 | D:6      | Identified the cursed +1 mace "Qaezoi" {vorpal, Str+2} (You
                  | found it on level 6 of the Dungeon)
  6650 | D:6      | Reached XP level 9. HP: 61/63 MP: 9/9
  7286 | D:6      | Found a broken altar of Ashenzari.
  7586 | D:6      | Found a transporter.
  7588 | D:6      | Found a transporter.
  7589 | D:6      | Noticed magipi's ghost (novice DrIE)
  7599 | D:6      | Reached ** piety under Elyvilon
  7703 | D:6      | Found a glowing silver altar of Zin.
  8189 | D:7      | Found a snail-covered altar of Cheibriados.
  8472 | D:7      | Reached *** piety under Elyvilon
  8973 | D:7      | Found a sacrificial altar of Ru.
  9096 | D:8      | Noticed Maurice
  9265 | D:8      | Killed Maurice
  9266 | D:8      | Reached XP level 10. HP: 63/70 MP: 8/10
  9387 | D:8      | Noticed Joseph
  9407 | D:8      | Killed Joseph
  9900 | D:8      | Noticed Pikel
  9914 | D:8      | Killed Pikel
 10211 | D:8      | Found a staircase to the Lair.
 10604 | D:9      | Reached skill level 1 in Invocations
 10770 | D:9      | Reached skill level 1 in Throwing
 10770 | D:9      | Reached skill level 1 in Dodging
 10770 | D:9      | Reached skill level 1 in Evocations
 11093 | D:9      | Identified the cursed +0 trident of Extinguishment {speed,
                  | rC+++} (You found it on level 5 of the Dungeon)
 11166 | D:9      | Reached XP level 11. HP: 76/76 MP: 12/12
 11913 | D:9      | Reached **** piety under Elyvilon
 12053 | D:9      | Got a faintly humming chain mail
 12064 | D:9      | Identified the +6 chain mail of Indemnity {Rampage *Corrode
                  | rC++ Int+2} (You found it on level 9 of the Dungeon)
 12298 | D:10     | Entered Level 10 of the Dungeon
 12387 | D:10     | Found Jaesch's Elemental Accessories.
 12451 | D:10     | Found Upubamaji's Antique Armour Shop.
 12471 | D:10     | Noticed a two-headed ogre
 12488 | D:10     | Killed a two-headed ogre
 12606 | D:10     | Bought a runed helmet for 195 gold pieces
 12689 | D:10     | Found a transporter.
 12699 | D:10     | Noticed an orc sorcerer
 12706 | D:10     | Noticed an orc high priest
 12797 | D:10     | Found a transporter.
 13186 | D:11     | Noticed a five-headed hydra
 13190 | D:11     | Killed a five-headed hydra
 13626 | D:11     | Killed an unseen horror
 13765 | D:11     | Reached skill level 5 in Fighting
 14348 | D:11     | Reached ***** piety under Elyvilon
 14358 | D:11     | Noticed a cyclops
 14365 | D:11     | Killed a cyclops
 14366 | D:11     | Reached skill level 5 in Shields
 14521 | D:11     | Reached skill level 5 in Armour
 14549 | D:11     | Noticed a two-headed ogre
 14557 | D:11     | Killed a two-headed ogre
 14708 | D:11     | Reached XP level 12. HP: 56/86 MP: 9/15
 15537 | D:6      | Killed magipi's ghost
 15762 | D:10     | Killed an orc high priest
 15771 | D:10     | Reached skill level 5 in Invocations
 16025 | Lair:1   | Entered Level 1 of the Lair of Beasts
 17198 | Lair:2   | Got a scorched broad axe
 17323 | Lair:2   | Reached skill level 5 in Throwing
 17324 | Lair:2   | Noticed a catoblepas
 17347 | Lair:2   | Killed a catoblepas
 17348 | Lair:2   | Reached skill level 5 in Dodging
 17471 | Lair:2   | Reached skill level 5 in Evocations
 17607 | Lair:2   | Noticed a seven-headed hydra
 17627 | Lair:2   | Killed a seven-headed hydra
 18146 | Lair:2   | Reached XP level 13. HP: 65/94 MP: 17/17
 18506 | Lair:2   | Reached ****** piety under Elyvilon
 18560 | Lair:2   | Noticed a seven-headed hydra
 18577 | Lair:2   | Killed a seven-headed hydra
 18975 | Lair:3   | Noticed a seven-headed hydra
 18975 | Lair:3   | Noticed Ofeaj's ghost (journeyman GnNe)
 18983 | Lair:3   | Found a runed translucent gate.
 18983 | Lair:3   | Found a runed translucent gate.
 18983 | Lair:3   | Found a runed translucent gate.
 19064 | Lair:3   | Noticed a seven-headed hydra
 19081 | Lair:3   | Killed a seven-headed hydra
 20206 | Lair:4   | Found a dark tunnel.
 20215 | Volcano  | Entered a volcano
 20772 | Volcano  | Found a burning altar of Makhleb.
 21151 | Lair:4   | Found a hole to the Spider Nest.
 21224 | Lair:4   | Identified the +7 broad axe "Orb Guardian's Curse" {freeze,
                  | +Rage rElec rC++ Dex+3} (You found it on level 2 of the
                  | Lair of Beasts)
 21626 | Lair:4   | Reached skill level 1 in Axes
 21840 | Lair:4   | Noticed Nessos
 21958 | Lair:4   | Killed Nessos
 22322 | Lair:4   | Found a staircase to the Shoals.
 22428 | Lair:4   | Noticed Nergalle
 22442 | Lair:4   | Killed Nergalle
 22443 | Lair:4   | Reached skill level 2 in Axes
 22810 | Lair:4   | Reached XP level 14. HP: 97/103 MP: 19/19
 23049 | Lair:5   | Found a runed translucent door.
 23050 | Lair:5   | Found a viscous altar of Jiyva.
 23052 | Lair:5   | Found a staircase to the Slime Pits.
 23552 | Lair:5   | Reached skill level 3 in Axes
 24475 | Lair:6   | Entered Level 6 of the Lair of Beasts
 24499 | Lair:5   | Reached skill level 4 in Axes
 25317 | Lair:6   | Noticed Kirke
 25577 | Lair:6   | Noticed Sonja
 25596 | Lair:6   | Killed Sonja
 25597 | Lair:6   | Reached skill level 5 in Axes
 26358 | Lair:5   | Killed Kirke
 26703 | Lair:6   | Reached skill level 6 in Axes
 27220 | Lair:6   | Reached XP level 15. HP: 97/112 MP: 21/21
 27783 | Lair:6   | Identified a scroll of acquirement
 27783 | Lair:6   | Acquired the ring of Daxeluor {+Fly rPois rF+ rC+ rCorr}
 28127 | Lair:6   | Reached skill level 7 in Axes
 28723 | D:12     | Found a staircase to the Orcish Mines.
 29240 | D:12     | Reached skill level 8 in Axes
 29457 | D:12     | Found Cere's Gadget Shoppe.
 30198 | D:13     | Reached skill level 9 in Axes
 30199 | D:13     | Found a runed translucent gate.
 30199 | D:13     | Identified the ring "Nouptias" {+Blink rF+ Stlth-}
 30200 | D:13     | Found a runed translucent gate.
 30200 | D:13     | Found a runed translucent gate.
 30200 | D:13     | Identified the +2 demon blade "Zyickaa" {vamp, Int+4}
 30201 | D:13     | Noticed Firef's ghost (journeyman SpEn)
 30208 | D:13     | Found an iron altar of Okawaru.
 31042 | D:13     | Reached skill level 10 in Axes
 32448 | D:14     | Reached skill level 11 in Axes
 32614 | D:14     | Reached XP level 16. HP: 95/120 MP: 22/22
 33123 | D:14     | Found a gate to the Vaults.
 33530 | D:14     | Got a warped whip
 33859 | D:15     | Entered Level 15 of the Dungeon
 33947 | D:15     | Reached skill level 12 in Axes
 34020 | D:15     | Identified the cursed +1 whip "Utukuxke" {vorpal, Stlth+}
                  | (You found it on level 14 of the Dungeon)
 34586 | D:15     | Reached skill level 13 in Axes
 35202 | D:15     | Found a staircase to the Depths.
 35636 | D:15     | Found a staircase to the Depths.
 35942 | Spider:1 | Entered Level 1 of the Spider Nest
 35957 | Spider:1 | HP: 6/120 [wolf spider (12)]
 36916 | Spider:1 | Reached skill level 14 in Axes
 38018 | Spider:1 | Noticed Louise
 38024 | Spider:1 | Noticed Josephine
 38028 | Spider:1 | Killed Josephine
 38039 | Spider:1 | Reached XP level 17. HP: 72/125 MP: 21/23
 38050 | Spider:1 | Killed Louise
 38051 | Spider:1 | Reached skill level 15 in Axes
 39192 | Lair:3   | Killed Ofeaj's ghost
 39560 | D:13     | Killed Firef's ghost
 42285 | Spider:2 | Reached skill level 16 in Axes
 43242 | Spider:3 | Noticed Bai Suzhen
 43360 | Spider:3 | Killed Bai Suzhen
 43578 | Spider:3 | Identified the +0 kite shield of Generosity {Str+4}
 43578 | Spider:3 | Noticed Donald
 43596 | Spider:3 | Killed Donald
 43597 | Spider:3 | Reached skill level 10 in Armour
 44178 | Spider:4 | Entered Level 4 of the Spider Nest
 44186 | Spider:4 | Reached skill level 10 in Fighting
 44327 | Spider:4 | Reached XP level 18. HP: 122/134 MP: 24/24
 44449 | Spider:4 | Reached skill level 10 in Shields
 44657 | Spider:4 | Noticed Arachne
 44676 | Spider:4 | Killed Arachne
 44983 | Spider:4 | Noticed Aizul
 44997 | Spider:4 | Killed Aizul
 46626 | Spider:4 | Got a gossamer rune of Zot
 46898 | Shoals:1 | Entered Level 1 of the Shoals
 47845 | Shoals:1 | Noticed Nikola
 47864 | Shoals:1 | Killed Nikola
 47865 | Shoals:1 | Reached skill level 17 in Axes
 48467 | Shoals:2 | Reached XP level 19. HP: 135/143 MP: 22/25
 48909 | Shoals:2 | Noticed Ilsuiw
 49212 | Shoals:1 | Killed Ilsuiw
 49875 | Shoals:3 | Found Dudebiuc's Distillery.
 49921 | Shoals:3 | Found Seggerhe's General Store.
 50312 | Shoals:3 | Bought a potion of heal wounds for 95 gold pieces
 50312 | Shoals:3 | Bought a potion of heal wounds for 95 gold pieces
 50312 | Shoals:3 | Bought a potion of heal wounds for 95 gold pieces
 50312 | Shoals:3 | Bought a potion of heal wounds for 95 gold pieces
 50459 | Shoals:3 | Found Ifuyz's Magic Scroll Boutique.
 50468 | Shoals:3 | Found Ziqack's Antique Armour Shoppe.
 50851 | Shoals:3 | Found Coiqann's General Store.
 51115 | Shoals:4 | Entered Level 4 of the Shoals
 52487 | Shoals:4 | Identified the amulet of Fiune {+Fly rC+ Regen+ Str-3
                  | Slay+3}
 52770 | Shoals:4 | Reached XP level 20. HP: 153/153 MP: 26/26
 52893 | Shoals:4 | Reached skill level 10 in Dodging
 52938 | Shoals:4 | Reached skill level 18 in Axes
 53039 | Shoals:4 | Got a barnacled rune of Zot
 53685 | Vaults:1 | Entered Level 1 of the Vaults
 53879 | Vaults:1 | Cast into level 3 of the Abyss (a deep elf sorcerer)
 53900 | Abyss:3  | Found a corrupted altar of Lugonu.
 53902 | Vaults:1 | Escaped the Abyss
 55936 | Vaults:2 | Reached XP level 21. HP: 129/162 MP: 23/28
 56119 | Vaults:2 | Found a staircase to the Crypt.
 56358 | Vaults:2 | Found Miab's Antique Armour Shop.
 56374 | Vaults:2 | Bought an embroidered cloak for 255 gold pieces
 56742 | Vaults:2 | Reached skill level 10 in Invocations
 56787 | Vaults:2 | Identified the Almanac of the Oath
 58301 | Vaults:3 | Found a snail-covered altar of Cheibriados.
 58648 | Vaults:3 | Found Qucs's Antique Weapon Shoppe.
 58851 | Vaults:3 | Reached XP level 22. HP: 159/172 MP: 27/29
 60394 | Vaults:4 | Found Beklingyng's Distillery.
 60855 | Vaults:4 | Reached skill level 10 in Evocations
 61876 | Vaults:5 | Entered Level 5 of the Vaults
 62410 | Vaults:4 | Reached skill level 15 in Fighting
 62523 | Vaults:5 | Identified Sif Muna's Papyrus of Mutagenic Flames
 63087 | Temple   | Fell from the grace of Elyvilon
 63087 | Temple   | Became a worshipper of the Shining One
 63087 | Temple   | Reached * piety under the Shining One
 63087 | Temple   | Reached ** piety under the Shining One
 63417 | Crypt:1  | Entered Level 1 of the Crypt
 63430 | Crypt:1  | Reached *** piety under the Shining One
 63714 | Crypt:1  | Reached **** piety under the Shining One
 63771 | Crypt:1  | Reached XP level 23. HP: 181/181 MP: 31/31
 64153 | Crypt:1  | Reached ***** piety under the Shining One
 64218 | Crypt:1  | Noticed an ancient lich
 64227 | Crypt:1  | Killed an ancient lich
 64236 | Crypt:1  | Got a shadowed robe
 64817 | Crypt:2  | Reached ****** piety under the Shining One
 64835 | Crypt:2  | Identified a +8 broad axe of holy wrath (a +6 broad axe of
                  | freezing blessed by the Shining One)
 64835 | Crypt:2  | Received a gift from the Shining One
 64944 | Crypt:2  | Noticed Sojobo
 65082 | Crypt:2  | Killed Sojobo
 65380 | Crypt:2  | Identified a +1 pair of boots of running (You found it on
                  | level 2 of the Crypt)
 66166 | Crypt:3  | Entered Level 3 of the Crypt
 66231 | Crypt:3  | Found a staircase to the Tomb.
 66500 | Crypt:3  | Reached skill level 10 in Throwing
 66612 | Crypt:3  | Reached XP level 24. HP: 182/191 MP: 31/32
 66655 | Crypt:3  | Found an ancient bone altar of Kikubaaqudgha.
 66685 | Crypt:3  | Identified the Handbook of Darkness
 66701 | Crypt:3  | Identified the ring "Foabac" {rC++ rN+}
 66701 | Crypt:3  | Noticed Jory
 66713 | Crypt:3  | Killed Jory
 66776 | Crypt:3  | Got a smoking marble ring
 66777 | Crypt:3  | Identified the ring "Cauf Vuq" {rElec rN+ Dex+4} (You found
                  | it on level 3 of the Crypt)
 67297 | Crypt:3  | Got a sheer robe
 68276 | Depths:1 | Entered Level 1 of the Depths
 68442 | Depths:1 | Got pitted fire dragon scales
 68443 | Depths:1 | Identified the cursed +1 fire dragon scales of Minor
                  | Irritation {rF++ rC- rN+ Regen+ Str+4 Dex+4} (You found it
                  | on level 1 of the Depths)
 68469 | Depths:1 | Got a jade-encrusted scale mail
 68470 | Depths:1 | Identified the cursed +1 scale mail of the Ecumenical
                  | Temple {Str+3 Dex+6 Stlth-} (You found it on level 1 of the
                  | Depths)
 68768 | Depths:1 | Noticed a caustic shrike
 68772 | Depths:1 | Noticed a caustic shrike
 68857 | Depths:1 | Noticed Loygofec's ghost (veteran TrEE)
 68919 | Depths:1 | Found a transporter.
 69039 | Depths:1 | Found a transporter.
 69116 | Depths:1 | Reached skill level 15 in Shields
 69187 | Depths:1 | Found a gateway to Hell.
 69217 | Hell     | Entered the Vestibule of Hell
 69217 | Hell     | Noticed Geryon
 69294 | Hell     | Killed Geryon
 69303 | Hell     | Reached XP level 25. HP: 150/201 MP: 32/32
 69418 | Hell     | Found a gateway to the ashen valley of Gehenna.
 69572 | Hell     | Found a gateway to the decaying netherworld of Tartarus.
 69716 | Hell     | Found a gateway to the Iron City of Dis.
 69771 | Hell     | Found a gateway to the freezing wastes of Cocytus.
 70293 | Depths:1 | HP: 10/202 [acid (4)]
 70296 | Depths:1 | HP: 4/202 [acid (4)]
 70298 | Depths:1 | Splashed by a caustic shrike's acid

Illustrated notes

Levels and vault maps discovered:
D:1:      dpeg_arrival_erosion, layout_basic
D:2:      layout_rooms, minmay_overflow_temple_star_quad
D:3:      layout_loops_corners, minivault_11,
          nicolae_dithmenos_through_a_glass_darkly, uniq_natasha
D:4:      layout_basic, minmay_temple_entry_enclosed_plants,
          uniq_crazy_yiuf_cottage
D:5:      kennysheep_six_static_rooms, layout_cave_pools, serial_shops,
          kennysheep_mini_moat, minmay_hedge_maze, minmay_misc_feat_nine_boxes
D:6:      layout_rooms, zin_treasury, okawaru_ov_weapons_minmay,
          gammafunk_ghost_hive, nicolae_ashenzari_panopticon
D:7:      layout_cave_pools, lemuel_crystal_altar, eino_tiny_chamber,
          kennysheep_path_1, nicolae_ru_great_annihilating_truth
D:8:      layout_basic, lair_entry_dummy, uniq_joseph, uniq_pikel, uniq_maurice
D:9:      layout_basic
D:10:     gammafunk_wand_slinger, layout_basic, serial_shops, shop,
          nicolae_elemental_shop
D:11:     layout_basic, bh_circular_ruins
D:12:     layout_long_grid, david_orc_1_choice, serial_shops, shop,
          hangedman_incinerator
D:13:     layout_loops_ring, gammafunk_ghost_fury_of_okawaru,
          grunt_decor_mini_mirrors
D:14:     layout_long_grid, david_vaults_1, kennysheep_nub
D:15:     gammafunk_enter_depths_forms, layout_long_grid, serial_bayou_pond_b,
          corexii_leaking_fountain
Temple:   nicolae_temple_x_marks_the_god
Lair:1:   layout_regular_city
Lair:2:   lemuel_slime, layout_regular_city, serial_bayou_ford_a,
          cheibrodos_lair_lostbears, infiniplex_staircase_pool_2
Lair:3:   layout_small_grid, gammafunk_ghost_split
Lair:4:   layout_concentric_octagons, minmay_shoals_entry_hut,
          spider_nest_entry_rubble, nicolae_volcano_entry_lava_flow,
          lemuel_fruit_tree, uniq_nessos, uniq_nergalle
Lair:5:   layout_cave_pods, slime_altar_2, grunt_megastairs_1
Lair:6:   evilmike_catoblepas_cave, layout_loops_ring, uniq_sonja, uniq_kirke
Shoals:1: layout_shoals, uniq_nikola
Shoals:2: layout_shoals, nicolae_shoals_loop_pool, uniq_ilsuiw
Shoals:3: layout_shoals, serial_shops, shop, nicolae_shop_window_shopping,
          nicolae_shop_trees, nicolae_shop_temple_entry_statues_fountains,
          nicolae_shop_competitors_out_of_business
Shoals:4: shoals_end_hangedman, layout_shoals, nicolae_shoals_cliffside_cave
Spider:1: layout_spider_delve, drop_trap, uniq_josephine, uniq_louise
Spider:2: layout_spider_delve, hangedman_spider_mandibles,
          spiders_nest_hornet_nest
Spider:3: layout_spider_delve, uniq_donald, uniq_bai_suzhen
Spider:4: spider_rune_water, uniq_arachne, uniq_aizul
Vaults:1: v_pattern_3, nicolae_vaults_asterisk, vaults_standard_mumra_x,
          v_rooms_3, nicolae_vaults_angled_halls, hangedman_vaults_nails,
          grunt_vaults_diagonal, nicolae_vaults_little_squares_6,
          ontoclasm_vaults_idyll, nicolae_vaults_three_branches,
          layout_vaults_omnigrid
Vaults:2: minmay_crypt_entry_simple_box, ontoclasm_vaults_hangar, v_misc_14,
          hangedman_vaults_stream, v_misc_19, nicolae_vaults_rhombus_5,
          v_misc_11, v_rooms_4, st_quartered_hall, ontoclasm_vaults_twist,
          hangedman_vaults_hat, hangedman_vaults_impose, grunt_vaults_funnel,
          grunt_vaults_trifunnel, vaults_room_pools,
          nicolae_vaults_shelves_hall, layout_vaults_omnibox, serial_shops,
          nicolae_shop_stone
Vaults:3: st_squares, ontoclasm_vaults_ligature, v_misc_27,
          hangedman_vaults_snaps, v_alt_pattern_2, vaults_room_grid,
          vaults_room_door_hall, v_misc_15, v_misc_5, nicolae_vaults_what_the_h,
          nicolae_vaults_specimen_jars, v_misc_15, layout_vaults_big_cross,
          basic_altar, serial_shops, shop
Vaults:4: nicolae_vaults_network_periphery, vaults_room_large_hall,
          nicolae_vaults_big_ls, ontoclasm_vaults_loading_screen,
          vaults_mumra_lcd, nicolae_vaults_alarming, v_misc_8,
          layout_vaults_big_room, serial_shops, shop_statue
Vaults:5: serial_shops, uniq_saint_roka, uniq_margery
Crypt:1:  layout_gridlike, nicolae_crypt_niches, st_stairs_13,
          st_shrine_of_skulls
Crypt:2:  layout_catacombs, uniq_sojobo
Crypt:3:  church_of_pain_bobbens, layout_chaotic_city
Depths:1: layout_cave_shapes, grunt_hell_entry_demonic_statue,
          gammafunk_ghost_berserking_beasts, minmay_door_square,
          due_unseen_surprise
Hell

Skill      XL: |  1  2  3  4  5  6  7  8  9 10 11 12 13 14 15 16 17 18 19 20 21 22 23 24 |
---------------+-------------------------------------------------------------------------+-----
Maces & Flails | 3 4 5 7 8 10 12 14 | 14.0
Invocations    | 2 4 5 7 8 9 10 11 12 13 | 13.3
Throwing       | 1 4 5 6 8 9 10 11 | 11.4
Dodging        | 1 3 5 6 7 8 9 10 11 12 | 12.1
Evocations     | 1 3 5 6 7 8 9 10 11 12 | 12.1
Shields        | 5 6 7 8 9 11 12 13 14 15 | 15.0
Fighting       | 5 6 7 8 9 10 11 12 13 14 15 16 17 | 17.4
Armour         | 5 6 7 8 9 10 11 12 13 14 | 14.8
Axes           | 2 6 11 14 16 17 18 | 18.5

Action                   |  1- 3 |  4- 6 |  7- 9 | 10-12 | 13-15 | 16-18 | 19-21 | 22-24 | 25-27 || total
-------------------------+-------+-------+-------+-------+-------+-------+-------+-------+-------++-------
Melee: Flail             |   142 |   299 |   290 |    98 |    44 |     8 |       |       |       ||   881
       Mace              |       |       |   147 |       |       |       |       |       |       ||   147
       Whip              |       |       |       |   728 |  1752 |    34 |       |       |       ||  2514
       Unarmed           |       |       |       |       |    12 |       |       |       |       ||    12
       Broad axe         |       |       |       |       |       |   978 |  1273 |  1251 |   202 ||  3704
Throw: Dart              |       |     6 |    21 |   109 |   122 |    35 |     7 |     3 |       ||   303
       Boomerang         |       |       |       |       |    62 |   223 |   307 |   292 |    59 ||   943
       Javelin           |       |       |       |       |     3 |     1 |     1 |       |       ||     5
       Throwing net      |       |       |       |       |       |     1 |     2 |     2 |       ||     5
Invok: Purification      |       |       |     1 |     2 |     1 |    14 |     4 |     3 |       ||    25
       Lesser Healing    |       |       |       |     2 |     4 |     1 |     4 |     1 |       ||    12
       Heal Other        |       |       |       |     2 |       |     1 |       |       |       ||     3
       Greater Healing   |       |       |       |       |     5 |     3 |     7 |       |       ||    15
       Divine Vigour     |       |       |       |       |     1 |     1 |     2 |       |       ||     4
       Divine Protection |       |       |       |       |       |     1 |       |       |       ||     1
       Cleansing Flame   |       |       |       |       |       |       |       |     6 |     2 ||     8
       Divine Shield     |       |       |       |       |       |       |       |     8 |     1 ||     9
       Brand Weapon With |       |       |       |       |       |       |       |     1 |       ||     1
 Abil: Evoke Berserk Rag |       |       |       |       |       |    12 |     2 |       |       ||    14
       Evoke Blink       |       |       |       |       |       |       |     3 |       |       ||     3
Evoke: Wand              |       |       |       |    34 |    20 |    28 |    52 |    18 |       ||   152
       Tin of tremorston |       |       |       |       |     2 |     9 |    10 |     8 |     2 ||    31
       Lightning rod     |       |       |       |       |       |       |    16 |     4 |       ||    20
  Use: Scroll            |     4 |     5 |     6 |     8 |     9 |     3 |     6 |    13 |       ||    54
       Potion            |       |       |       |     1 |       |    10 |     5 |     1 |     8 ||    25
 Stab: Invisible         |       |       |     1 |       |     2 |     1 |       |       |       ||     4
       Paralysed         |       |       |     1 |       |     4 |     3 |       |       |       ||     8
       Held in net/web   |       |       |       |       |       |     2 |       |       |       ||     2
       Distracted        |       |       |       |       |       |     1 |       |       |       ||     1
Armor: Scale mail        |    67 |       |       |    37 |       |       |       |       |       ||   104
       Plate armour      |    13 |    68 |       |       |   300 |   774 |   332 |   471 |    84 ||  2042
       Chain mail        |       |    90 |   180 |   230 |   250 |       |       |       |       ||   750
       Skin              |       |       |       |       |       |    15 |       |       |       ||    15
Dodge: Dodged            |    27 |    45 |    51 |   153 |   328 |   498 |   536 |   447 |    90 ||  2175
Block: Kite shield       |    62 |   182 |   157 |   307 |   680 |   853 |   628 |   811 |   137 ||  3817

Table legend: (Time is in decaauts)
 A = Elapsed time spent in this place.
 B = Non-inter-level travel time spent in this place.
 C = Inter-level travel time spent in this place.
 D = Time resting spent in this place.
 E = Time spent auto-exploring this place.
 F = Levels seen in this place.
 G = Mean time per level.
                   A        B        C        D        E       F      G
               +--------+--------+--------+--------+--------+-----+--------+
         Total |  68496 |  63307 |   5189 |   1316 |  46986 |  42 | 1630.9 |
       Dungeon |  25183 |  22296 |   2887 |    100 |  17167 |  15 | 1678.9 |
        Temple |     64 |     44 |     20 |      0 |      0 |   1 |   64.0 |
          Lair |  13576 |  12669 |    907 |     22 |  10389 |   6 | 2262.7 |
        Shoals |   5799 |   5645 |    154 |    328 |   3541 |   4 | 1449.8 |
   Spider Nest |   8406 |   8068 |    338 |    638 |   5962 |   4 | 2101.5 |
        Vaults |   8949 |   8297 |    652 |     51 |   6292 |   5 | 1789.8 |
         Crypt |   3971 |   3783 |    188 |     23 |   2444 |   3 | 1323.7 |
        Depths |   1038 |   1017 |     21 |      0 |    525 |   1 | 1038.0 |
          Hell |    637 |    618 |     19 |      0 |    277 |   1 |  637.0 |
         Abyss |     22 |     22 |      0 |      0 |      0 |   1 |   22.0 |
       Volcano |    847 |    847 |      0 |    153 |    386 |   1 |  847.0 |
               +--------+--------+--------+--------+--------+-----+--------+

Top non-repeatable levels by time:
  Lair:4: 3498 daAuts
Vaults:3: 2844 daAuts
Spider:1: 2834 daAuts
  Lair:6: 2777 daAuts
     D:9: 2388 daAuts
  Lair:2: 2304 daAuts
    D:12: 2284 daAuts
Shoals:4: 2236 daAuts
     D:6: 2234 daAuts
Spider:4: 2159 daAuts
  Lair:5: 2137 daAuts
    D:11: 2106 daAuts
Vaults:2: 2082 daAuts
Vaults:4: 2079 daAuts
    D:14: 2006 daAuts
